 Dungeon Crawl Stone Soup version 0.22.1-1-ga44c0e5 (webtiles) character file.

1665 Folque the Slinger (level 9, -11/55 HPs)
             Began as a Halfling Hunter on Sept 22, 2018.
             Mangled by Harold
             ... wielding a +1 scimitar of holy wrath
              (22 damage)
             ... on level 7 of the Dungeon.
             The game lasted 00:28:00 (6706 turns).

Folque the Slinger (Halfling Hunter)                Turns: 6706, Time: 00:28:01

Health: -11/55     AC:  4    Str: 17    XL:     9   Next: 20%
Magic:  9/9        EV: 18    Int:  7    God:
Gold:   410        SH:  0    Dex: 18    Spells: 8/8 levels left

rFire    . . .     SeeInvis .   E - +6 falchion "Cediun" {venom, MR+ Str+4 Int-2}
rCold    . . .     Gourm    .   (shield restricted)
rNeg     . . .     Faith    .   c - +0 leather armour
rPois    .         Spirit   .   (no helmet)
rElec    .         Reflect  .   p - +0 cloak
rCorr    .         Harm     .   (no gloves)
MR       +....                  (no boots)
Stlth    +++.......             (no amulet)
HPRegen  0.18/turn              (no ring)
MPRegen  0.11/turn              (no ring)

@: no status effects
A: small, mutation resistance 1
a: no special abilities


You were on level 7 of the Dungeon.
You were not hungry.

You visited 2 branches of the dungeon, and saw 8 of its levels.

You collected 410 gold pieces.

Inventory:

Hand Weapons
 a - a +1 hunting sling
 b - a +0 short sword
 g - a +0 antimagic spear
 E - the +6 falchion "Cediun" (weapon) {venom, MR+ Str+4 Int-2}
   (You found it on level 5 of the Dungeon)

   It poisons the flesh of those it strikes.
   It affects your strength (+4).
   It affects your intelligence (-2).
   It affects your resistance to hostile enchantments.
 F - a +2 hunting sling of freezing
Missiles
 d - 35 sling bullets
 e - 160 stones (quivered)
Armour
 c - a +0 leather armour (worn)
 k - a +0 helmet
 p - a +0 cloak (worn)
 v - a +0 cloak
 y - a +1 pair of boots
Jewellery
 h - an uncursed ring of stealth {unknown}
 B - an uncursed ring of flight {unknown}
 H - a cursed +4 ring of protection {unknown}
Wands
 J - a wand of disintegration (5)
Scrolls
 l - 6 scrolls of remove curse
 m - 3 scrolls of identify
 t - a scroll of amnesia {unknown}
 w - 2 scrolls of enchant weapon {unknown}
 x - a scroll of fear {unknown}
Potions
 i - 5 potions of resistance {unknown}
 j - 3 potions of curing
 n - 2 potions of brilliance {unknown}
 o - a potion of cancellation {unknown}
 q - 2 potions of might {unknown}
 r - 3 potions of degeneration {unknown}
 s - a potion of berserk rage {unknown}
 u - 3 potions of mutation {unknown}
 z - a potion of invisibility {unknown}
 A - 2 potions of haste {unknown}
 C - a potion of experience {unknown}
 D - a potion of agility {unknown}
 G - a potion of flight {unknown}
Comestibles
 f - 9 rations
 I - a chunk of flesh


   Skills:
 + Level 2.7 Fighting
 - Level 4.3(6.1) Short Blades
 * Level 5.4(6.0) Long Blades
 - Level 9.2 Slings
 * Level 2.7 Armour
 - Level 5.1 Dodging
 - Level 5.2 Stealth


You had 8 spell levels left.
You didn't know any spells.
Your spell library was empty.

Dungeon Overview and Level Annotations

Branches:
Dungeon (7/15)             Temple (1/1) D:6

Altars:
Cheibriados
Dithmenos
Elyvilon
Gozag
Hepliaklqana
Kikubaaqudgha
Nemelex Xobeh
Qazlal
Sif Muna
Trog
Uskayaw
Vehumet
Wu Jian
Xom
Yredelemnul
The Shining One

Annotations:
D:4 Menkaure
D:7 Harold


Innate Abilities, Weirdness & Mutations

You are small and have problems with some larger weapons.
You are somewhat resistant to further mutation.


Message History

You hit Harold but do no damage.
Harold is moderately wounded.
Harold hits you with a scimitar of holy wrath!
You closely miss Harold.
Harold is moderately wounded.
Harold hits you with a scimitar of holy wrath!
* * * LOW HITPOINT WARNING * * *
You feel better. Harold misses you.
You riposte.
You barely miss Harold.
Harold is moderately wounded.
You hit Harold.
Harold is poisoned.
Harold is moderately wounded.
You hit Harold.
Harold looks as sick as possible!
Harold is moderately wounded.
Harold hits you with a scimitar of holy wrath!!
* * * LOW HITPOINT WARNING * * *
A hound comes into view.
You feel better.
The hound barks!
Harold hits you with a scimitar of holy wrath!!
You die...

######## #......#
#....#.# ######...#.#
#.###........#.#########
.h.(()@@............>...
#.###.####.#.#.#####.###
# # #.#.#.##.......
....####.#.#..........
.........#.#..........
...<.....#.#.##.......
......................
###.####.####......... #
#.# ##........


You could see Harold and a hound.

Vanquished Creatures
  A hippogriff (D:7)
  A water moccasin (D:7)
  A sky beast (D:5)
  A phantom (D:6)
  2 centaurs (D:6)
  Blork the orc (D:6)
  A bullfrog (D:6)
  A scorpion (D:5)
  2 howler monkeys (D:6)
  A centaur zombie (D:6)
  A crimson imp (D:4)
  3 hounds
  A jelly (D:5)
  A gnoll shaman (D:5)
  3 orc wizards
  A centaur skeleton (D:5)
  An iguana (D:5)
  5 worker ants
  A hound skeleton (D:5)
  A hound zombie (D:5)
  5 gnolls (D:5)
  A howler monkey skeleton (D:4)
  7 adders
  2 shadow imps
  3 oozes
  An adder zombie (D:5)
  An adder skeleton (D:4)
  4 dart slugs
  7 leopard geckos
  14 orcs
  2 bats
  5 giant cockroaches
  5 goblins
  7 hobgoblins
  3 jackals
  11 kobolds
  6 quokkas
  2 ball pythons
  6 frilled lizards
  2 quokka zombies
  9 rats
133 creatures vanquished.

Notes
Turn   | Place    | Note
-------+----------+-------------------------------------------
     0 | D:1      | Folque the Halfling Hunter began the quest for the Orb.
     0 | D:1      | Reached XP level 1. HP: 14/14 MP: 1/1
    30 | D:1      | Reached skill level 6 in Slings
    30 | D:1      | Reached XP level 2. HP: 17/19 MP: 2/2
   316 | D:1      | Reached XP level 3. HP: 22/24 MP: 3/3
   459 | D:1      | Reached skill level 1 in Short Blades
  1222 | D:2      | Found a sparkling altar of Nemelex Xobeh.
  1274 | D:2      | Reached XP level 4. HP: 23/29 MP: 4/4
  1308 | D:2      | Found a glowing golden altar of the Shining One.
  1488 | D:2      | Noticed a dagger
  1551 | D:2      | Noticed a hand axe
  1559 | D:2      | Found a hide-covered altar of Uskayaw.
  2461 | D:3      | Reached XP level 5. HP: 16/34 MP: 5/5
  2857 | D:3      | Reached skill level 7 in Slings
  3105 | D:4      | Noticed Menkaure
  3315 | D:4      | Reached XP level 6. HP: 21/39 MP: 6/6
  3673 | D:5      | Entered Level 5 of the Dungeon
  3721 | D:5      | Noticed a sky beast
  3725 | D:5      | Reached XP level 7. HP: 45/45 MP: 7/7
  3754 | D:5      | Reached skill level 5 in Stealth
  4563 | D:5      | Got a fine falchion
  4744 | D:5      | Identified the +6 falchion "Cediun" {venom, MR+ Str+4
                  | Int-2} (You found it on level 5 of the Dungeon)
  4953 | D:5      | Found a white marble altar of Elyvilon.
  5296 | D:6      | Reached skill level 5 in Dodging
  5320 | D:6      | Reached XP level 8. HP: 50/50 MP: 8/8
  5411 | D:6      | Found an ornate altar of the Wu Jian Council.
  5429 | D:6      | Reached skill level 1 in Long Blades
  5461 | D:6      | Reached skill level 8 in Slings
  5825 | D:6      | Found a staircase to the Ecumenical Temple.
  5855 | Temple   | Entered the Ecumenical Temple
  6256 | D:6      | Reached skill level 9 in Slings
  6380 | D:6      | Noticed Blork the orc
  6391 | D:6      | Killed Blork the orc
  6616 | D:7      | Noticed a hippogriff
  6619 | D:7      | Killed a hippogriff
  6619 | D:7      | Reached skill level 5 in Long Blades
  6619 | D:7      | Reached skill level 1 in Armour
  6619 | D:7      | Reached XP level 9. HP: 55/55 MP: 9/9
  6689 | D:7      | Noticed Harold
  6706 | D:7      | Mangled by Harold

Skill      XL: |  1  2  3  4  5  6  7  8  9 |
---------------+----------------------------+-----
Fighting       | 2 |  2.7
Slings         | 6 7 9 |  9.2
Stealth        | 2 3 4 5 |  5.2
Short Blades   | 1 2 3 4 |  4.3
Dodging        | 3 5 |  5.1
Long Blades    | 5 |  5.4
Armour         | 1 2 |  2.7

Action                   |  1- 3 |  4- 6 |  7- 9 || total
-------------------------+-------+-------+-------++-------
Melee: Short sword       |    96 |   158 |    64 ||   318
       Spear             |       |    21 |       ||    21
       Scimitar          |       |     4 |       ||     4
       Falchion          |       |       |    76 ||    76
 Fire: Hunting sling     |    14 |    65 |    85 ||   164
  Use: Scroll            |       |     5 |       ||     5
       Potion            |       |     1 |     3 ||     4
 Stab: Sleeping          |     3 |    11 |     2 ||    16
       Distracted        |       |     1 |     1 ||     2
  Eat: Chunk             |     1 |     8 |     7 ||    16
       Ration            |       |       |     1 ||     1
Armor: Leather armour    |    17 |    34 |    20 ||    71
Dodge: Dodged            |    61 |   162 |   113 ||   336
       Rpst.: Scimitar   |       |     1 |       ||     1
       Falchion          |       |       |    21 ||    21
